 Dungeon Crawl Stone Soup version 0.19.1-1-g22dce08 (webtiles) character file.

47 M4edhros the Charlatan (level 3, -2/15 HPs)
             Began as a Felid Artificer on Jan 4, 2017.
             Slain by a worker ant (3 damage)
             ... on level 4 of the Dungeon.
             The game lasted 00:04:51 (856 turns).

M4edhros the Charlatan (Felid Artificer)             Turns: 856, Time: 00:04:52

Health: -2/15      AC:  1    Str:  8    XL:     3   Next: 48%
Magic:  7/7        EV: 18    Int: 13    God:
Gold:   83         SH:  0    Dex: 16    Spells: 0 memorised, 2 levels left
                                        Lives:  0   Deaths: 0

rFire  . . .     SeeInvis +       - Unarmed
rCold  . . .     Gourm    .     (armour unavailable)
rNeg   . . .     Faith    .     (shield unavailable)
rPois  .         Spirit   .     (helmet unavailable)
rElec  .         Reflect  .     (cloak unavailable)
rCorr  .         Harm     .     (gloves unavailable)
MR     .....                    (boots unavailable)
Stlth  ++........               (no amulet)
                                (no ring)
                                (no ring)

@: lethally poisoned (-2 -> -8), flying, very slightly contaminated, invisible,
quick
A: no armour, no weapons or thrown items, stealth, claws 1, fangs 3, see
invisible, carnivore 3, speed 1, shaggy fur 1, slow metabolism 1, sharp paws
a: no special abilities


You were on level 4 of the Dungeon.
You were completely stuffed.

You visited 1 branch of the dungeon, and saw 4 of its levels.

You collected 83 gold pieces.

Inventory:

Wands
 a - a wand of flame (11/48)
 b - a wand of enslavement (13/24)
 c - a wand of random effects (14/48)
Scrolls
 f - a scroll of immolation {unknown}
 h - a scroll of blinking {unknown}
Comestibles
 d - 3 meat rations
 g - 2 chunks of flesh


   Skills:
 - Level 1.0 Fighting
 - Level 2.6 Dodging
 - Level 1.3 Stealth
 + Level 2.5 Unarmed Combat
 + Level 4.1 Evocations


You had 2 spell levels left.
You didn't know any spells.

Dungeon Overview and Level Annotations

Branches:
Dungeon (4/15)
 Temple: D:4-7

Altars:
Kikubaaqudgha

Annotations:
D:4 Robin


Innate Abilities, Weirdness & Mutations

You cannot wear armour.
You are incapable of wielding weapons or throwing items.
Your paws allow you to move quietly. (Stealth)
You have sharp claws.
You have razor-sharp teeth.
You have supernaturally acute eyesight. (SInv)
You are carnivorous and can eat meat at any time.
You cover ground quickly.
You are covered in fur. (AC +1)
You have a slow metabolism.
Your sharp claws are effective at attacking unaware monsters.


Message History

You scratch the worker ant. Your bite misses the worker ant.
The worker ant is moderately wounded.
* * * LOW HITPOINT WARNING * * *
You feel sick.
You barely miss the worker ant. Your bite misses the worker ant.
The worker ant is moderately wounded.
The worker ant misses you.
You catch the helpless worker ant completely off-guard!
You scratch the worker ant.
The worker ant is heavily wounded.
The worker ant closely misses you.
You barely miss the worker ant.
The worker ant is heavily wounded.
* * * LOW HITPOINT WARNING * * *
You feel sick. The worker ant barely misses you. The worker ant bites you.
* * * LOW HITPOINT WARNING * * *
You scratch the worker ant but do no damage.
The worker ant is heavily wounded.
The worker ant bites you.
You die...

#.# ........# #.#
.gg.gg..# #.#
........# #.#
.......gg #.#
.........
####'######..........
+.................#..
#.................#..
+...@a............#..
#...........##### ###
#...........#
#..........##
#..........#
#.........)#
##+#+#######


You could see a worker ant.

Vanquished Creatures
  An adder (D:2)
  An ooze (D:1)
  A worm (D:2)
  5 bats (D:1)
  3 hobgoblins
  3 jackals (D:1)
  5 kobolds
  2 frilled lizards
  5 goblins (D:1)
  4 rats (D:1)
30 creatures vanquished.

Vanquished Creatures (others)
  A leopard gecko (D:1)
1 creature vanquished.

Grand Total: 31 creatures vanquished

Notes
Turn   | Place    | Note
-------+----------+-------------------------------------------
     0 | D:1      | M4edhros the Felid Artificer began the quest for the Orb.
     0 | D:1      | Reached XP level 1. HP: 9/9 MP: 4/4
   141 | D:1      | Reached XP level 2. HP: 7/12 MP: 5/5
   523 | D:1      | Reached skill level 4 in Evocations
   524 | D:1      | Reached XP level 3. HP: 5/15 MP: 5/7
   632 | D:2      | Found an ancient bone altar of Kikubaaqudgha.
   796 | D:4      | Noticed Robin
   856 | D:4      | Slain by a worker ant

Skill      XL: |  1  2 |
---------------+-------+-----
Unarmed Combat | 2 |  2.5
Evocations     | 4 |  4.1
Fighting       | |  1.0
Dodging        | |  2.6
Stealth        | |  1.3

Action                   || total
-------------------------++-------
Melee: Unarmed           ||   105
       Bite              ||     7
Evoke: Wand              ||     7
  Use: Potion            ||     4
 Stab: Confused          ||     1
       Sleeping          ||     4
       Invisible         ||     1
  Eat: Chunk             ||     7
Armor: Skin              ||     9
Dodge: Dodged            ||    85
